 Dungeon Crawl Stone Soup version 0.15-a0-1866-g491fd59 (webtiles) character file.

12 Kenran the Slasher (level 2, 0/14 HPs)
             Began as a Vine Stalker Chaos Knight on July 4, 2014.
             Was a Plaything of Xom.
             Slain by a quasit (1 damage)
             ... summoned by the capriciousness of Xom
             ... on Level 1 of the Dungeon.
             The game lasted 00:02:48 (454 turns).

Kenran the Slasher (Vine Stalker Chaos Knight)       Turns: 454, Time: 00:02:50

HP   0/14        AC  5     Str 14      XL: 2   Next: 33%
MP   0/3         EV 10     Int 12      God: Xom
Gold 58          SH  0     Dex 10 (13) Spells:  0 memorised,  1 level left

rFire  . . .     SeeInvis .     a - +1 falchion (chaos)
rCold  . . .     Clarity  .     b - +2 leather armour
rNeg   . . .     rCorr    .     (no shield)
rPois  .         rRot     +     (helmet restricted)
rElec  .         Spirit   +     (no cloak)
SustAb .         Warding  .     (no gloves)
rMut   .         Stasis   .     (no boots)
Gourm  .                        (no amulet)
MR     .....                    (no ring)
                                (no ring)

@: not resistant to hostile enchantments, very unstealthy
A: fangs 2, hooves 1, horns 1, frail 1, regeneration 1, magic shield, antimagic
bite, no device heal 3, rot immunity
a: Renounce Religion


You were on level 1 of the Dungeon.
You worshipped Xom.
You were a toy of Xom.
You were not hungry.

You visited 1 branch of the dungeon, and saw 1 of its levels.

You collected 58 gold pieces.

Inventory:

Hand weapons
 a - a +1 falchion of chaos (weapon)
Armour
 b - a +2 leather armour (worn)
 j - a +0 chain mail
Comestibles
 c - a bread ration
 g - a beef jerky
Scrolls
 e - a scroll of amnesia {unknown}
 i - 2 scrolls of enchant armour {unknown}
Potions
 d - a potion of mutation
 f - a potion of curing {unknown}
 h - a potion of beneficial mutation {unknown}


   Skills:
 - Level 2.6 Fighting
 + Level 3.3 Long Blades
 - Level 1.5 Armour
 - Level 0.7 Dodging


You had one spell level left.
You didn't know any spells.

Dungeon Overview and Level Annotations

Branches:
Dungeon (1/15)

Altars:


Innate Abilities, Weirdness & Mutations

You have extremely sharp teeth.
Your natural rate of healing is unusually fast.
When hurt, damage is shared between your health and your magic reserves.
Your bite disrupts and absorbs the magic of your enemies.
Potions and wands cannot restore your health.
You are immune to rotting.
You have large cloven feet.
You have a pair of small horns on your head.
You are frail (-10% HP).


Message History

The quasit bites you but does no damage.
The quasit barely misses you.
The quasit claws you but does no damage.
You barely miss the quasit. Your bite misses the quasit.
The quasit is heavily wounded.
The quasit bites you but does no damage.
The quasit claws you but does no damage.
The quasit completely misses you.
The quasit bites you but does no damage.
The quasit claws you but does no damage. x2
Drink which item? (? for menu, Esc to quit)
You feel extremely strange.
Your feet thicken and deform.
A pair of horns grows on your head!
Xom is highly amused!
You feel frail.
It was a potion of mutation.
Xom is highly amused!
The quasit misses you. The quasit claws you.
You die... "Boring in life, boring in death..."

.........%.........#
.....####
######.........#.#.# ....#
...###...........#.# ....
.....####.##.......#+#.....
#.....###.##...###.........
##.....##.##...+...........
#.....##.##...##§.§.......
##.....#........§.[.......
#.....########@5§.§..####
#.....# #.§§)§..# ##.....#
#...§§..# #.....##
#.......# ##.....#
#.......# #.....##
#......... #<...##
#.......# ###### ######## #


You could see a quasit.

Vanquished Creatures
  A white imp (D:1)
  5 bats (D:1)
  2 giant cockroaches (D:1)
  A giant newt (D:1)
  A goblin (D:1)
  A kobold (D:1)
  4 rats (D:1)
15 creatures vanquished.

Notes
Turn   | Place    | Note
--------------------------------------------------------------
     0 | D:1      | Kenran, the Vine Stalker Chaos Knight, began the quest for the Orb.
     0 | D:1      | Reached XP level 1. HP: 11/11 MP: 1/1
   151 | D:1      | XOM: potion effect (haste)
   152 | D:1      | Reached skill level 3 in Long Blades
   154 | D:1      | XOM: divination: magic mapping
   244 | D:1      | XOM: colour smoke trail
   268 | D:1      | XOM: confuse monster(s)
   301 | D:1      | Reached XP level 2. HP: 16/16 MP: 3/3
   340 | D:1      | XOM: silly message
   435 | D:1      | XOM: medium Summ miscast
   454 | D:1      | Gained mutation: You have large cloven feet. [potion of mutation]
   454 | D:1      | Gained mutation: You have a pair of small horns on your head. [potion of mutation]
   454 | D:1      | Gained mutation: You are frail (-10% HP). [potion of mutation]
   454 | D:1      | Slain by a quasit

Action                   || total
-------------------------++-------
Melee: Falchion          ||    37
  Use: Scroll            ||     1
       Potion            ||     1
